Get step-by-step instructions on how to execute this build order below. Start the game timer, and the build order will tick by so you can play in parallel with StarCraft on a second screen or mobile device.

Game Time

  0:00

Last Step

  N/A

Next Step

  12  0:04  Drone  

Upcoming Step

  13  0:08  Drone  

Don't want to look back and forth between 2 screens? Try out our Overwolf App, the Spawning Tool Build Advisor to get an in-game overlay with this build!

Complete Build Order

  12  0:04  Drone  
  13  0:08  Drone  
  14  0:17  Overlord  
  14  0:37  Spawning Pool  
  14  0:39  Drone  
  14  0:43  Drone  
  14  0:45  Drone  
  16  0:50  Drone  
  17  1:00  Drone  
  18  1:11  Drone  
  18  1:14  Extractor  
  18  1:18  Extractor  
  17  1:22  Drone  
  17  1:25  Queen  
  20  1:34  Zergling x2  
  21  1:46  Zergling x2  
  22  1:58  Evolution Chamber, Zergling x2  
  22  2:03  Hatchery  
  22  2:05  Drone  
  22  2:29  Pneumatized Carapace  
  22  2:31  Overlord x2  
  22  2:44  Overlord  
  22  2:49  Drone x2  
  22  2:50  Drone  
  25  3:07  Zergling x2  
  25  3:11  Queen  
  28  3:20  Drone  
  28  3:21  Queen  
  28  3:26  Zergling x6  
  34  3:40  Drone x2  
  35  3:46  Drone x2  
  35  3:48  Lair  
  37  3:52  Drone  
  38  3:59  Drone  
  38  4:01  Spine Crawler  
  38  4:03  Drone  
  39  4:38  Drone x5  
  42  4:39  Drone  
  45  4:54  Hatchery  
  44  5:00  Spire  
  43  5:07  Extractor  
  43  5:10  Extractor  
  43  5:12  Spine Crawler  
  43  5:14  Drone x2, Zergling x4  
  42  5:15  Zergling x4  
  46  5:32  Drone  
  47  5:47  Zerg Ground Armor Level 1  
  41  6:00  Drone x3  
  44  6:09  Drone  
  45  6:12  Mutalisk  
  45  6:13  Mutalisk x4  
  45  6:14  Mutalisk  
  45  6:16  Overlord x2  
  45  6:18  Drone  
  58  6:26  Zerg Flyer Armor Level 1  
  58  6:34  Overlord  
  59  6:40  Drone x2  
  59  6:44  Extractor  
  59  6:48  Extractor  
  59  6:49  Drone  
  59  6:50  Mutalisk x3  
  59  6:53  Drone x3  
  68  6:55  Zergling x8  
  72  7:02  Drone x3  
  75  7:11  Drone  
  75  7:13  Mutalisk x2  
  75  7:14  Mutalisk  
  82  7:16  Overlord  
  82  7:30  Overlord x3  
  72  8:01  Corruptor x3, Drone x4  
  72  8:05  Infestation Pit  
  81  8:07  Hydralisk Den  
  81  8:08  Drone  
  81  8:13  Overseer  
  81  8:16  Mutalisk x3  
  81  8:17  Zergling x2  
  88  8:20  Drone  
  88  8:21  Drone  
  90  8:39  Hydralisk x4  
  90  8:40  Hydralisk  
  100  8:42  Drone  
  100  8:44  Grooved Spines  
  101  8:51  Zerg Missile Weapons Level 1  
  101  9:03  Drone x2  
  101  9:04  Hydralisk x2, Drone x3  
  101  9:06  Drone x2  
  112  9:13  Hive  
  112  9:28  Drone x2  
  112  9:29  Overlord  
  114  9:40  Overlord  
  114  9:44  Lurker Den  
  114  9:45  Overlord x2  
  113  9:50  Zerg Flyer Armor Level 2  
  113  10:05  Hatchery  
  112  10:14  Corruptor x4  
  112  10:15  Corruptor x2  
  124  10:44  Lurker x4  
  124  10:45  Lurker x3  
  131  10:54  Overlord x2  
  131  10:55  Overlord  
  131  11:01  Overlord x2  
  131  11:02  Overlord x2  
  125  11:29  Drone x2  
  125  11:30  Corruptor x3  
  133  11:40  Seismic Spines  
  101  12:10  Corruptor x3  
  101  12:11  Corruptor x3  
  101  12:12  Corruptor x5  
  89  13:03  Hydralisk x4  
  89  13:04  Hydralisk x10  
  89  13:05  Hydralisk x3  
  117  13:10  Drone x6  
  125  13:13  Extractor  
  125  13:17  Extractor  
  103  14:04  Hydralisk x2  
  103  14:05  Hydralisk x4  
  103  14:06  Hydralisk x4  
  103  14:08  Drone x3  
  126  14:12  Zerg Flyer Armor Level 3  
  126  14:16  Zerg Missile Weapons Level 2  
  126  14:19  Lurker x3  
  129  14:36  Overseer  
  129  14:38  Drone, Hatchery  
  129  14:39  Hydralisk x3, Drone  
  129  14:43  Muscular Augments  
  136  14:55  Hydralisk, Corruptor  
  136  14:56  Hydralisk x2  
  80  15:51  Hydralisk x3  
  80  15:52  Hydralisk x2  
  80  15:53  Hydralisk  
  80  15:54  Hydralisk x6  
  102  15:58  Drone  
  102  16:01  Drone  
  102  16:03  Hydralisk  
  106  16:04  Hydralisk  
  106  16:06  Hydralisk  
  110  16:13  Hydralisk  
  112  16:22  Drone  
  112  16:24  Hydralisk x2  
  112  16:25  Hydralisk x2  
  117  16:27  Hydralisk  
  120  16:33  Hydralisk  
  122  16:43  Lurker x4  
  122  16:44  Lurker x3  
  129  16:50  Overseer  
  82  17:08  Overseer  
  82  17:09  Hydralisk x3  
  82  17:10  Hydralisk x4  
  82  17:11  Hydralisk  
  98  17:16  Lurker  
  98  17:19  Drone x3  
  100  17:24  Extractor  
  100  17:26  Extractor